 Seeded DCSS version 0.30.1-11-g7821555f0a (webtiles) character file.

Game seed: 5 (custom seed)

4354 Kazon the Slasher (level 10, -1/57 HPs)
             Began as a Vampire Gladiator on Dec 6, 2023.
             Was a Priest of Makhleb.
             Slain by a polar bear (10 damage)
             ... on level 8 of the Dungeon.
             The game lasted 00:26:55 (5130 turns).

Kazon the Slasher (Vampire Gladiator)               Turns: 5130, Time: 00:26:55

Health: -1/57      AC:  9    Str: 15    XL:     10   Next: 12%
Magic:  0/22       EV:  9    Int: 12    God:    Makhleb [***...]
Gold:   367        SH: 16    Dex: 23    Spells: 9/9 levels left

rFire   . . .        A - +1 demon blade (venom)
rCold   + + .        c - +0 tower shield
rNeg    + + +        H - +0 scale mail
rPois   ∞            j - +0 helmet
rElec   .            (no cloak)
rCorr   .            M - +0 pair of gloves
SInv    +            (no boots)
Will    +....        E - amulet of guardian spirit
Stlth   ++++         r - ring of magical power
HPRegen 0.00/turn    y - +6 ring of dexterity
MPRegen 0.18/turn

%: guardian spirit
@: bloodless, inhibited regen
A: bloodless, fangs 3, see invisible, vampiric 2
a: Bat Form, Revivify, Renounce Religion, Minor Destruction, Lesser Servant of
Makhleb


You were on level 8 of the Dungeon.
You worshipped Makhleb.
Makhleb was most pleased with you.
You visited 2 branches of the dungeon, and saw 9 of its levels.
You also visited: Ossuary.

You collected 367 gold pieces.

Inventory:

Hand Weapons
 a - a +0 long sword
 e - a +2 vampiric dagger
 f - a +0 hand axe of flaming
 A - a +1 demon blade of venom (weapon)
Missiles
 d - 3 throwing nets
 g - a stone
 l - 11 boomerangs
 p - a javelin
 w - 10 poisoned darts
Armour
 c - a +0 tower shield (worn)
 j - a +0 helmet (worn)
 H - a +0 scale mail (worn)
 M - a +0 pair of gloves (worn)
Jewellery
 r - a ring of magical power (left hand)
 y - a +6 ring of dexterity (right hand)
 E - an amulet of guardian spirit (around neck)
Wands
 B - a wand of paralysis (8)
Scrolls
 b - a scroll of enchant armour {unknown}
 h - a scroll of fog {unknown}
 n - a scroll of blinking {unknown}
 o - 2 scrolls of magic mapping {unknown}
 q - 5 scrolls of identify {unknown}
 s - 2 scrolls of summoning {unknown}
 t - 2 scrolls of teleportation {unknown}
 z - a scroll of torment {unknown}
 C - a scroll of amnesia {unknown}
 G - a scroll of poison {unknown}
 I - 2 scrolls of fear {unknown}
 L - a scroll of enchant weapon {unknown}
Potions
 i - 2 potions of invisibility {unknown}
 k - 4 potions of curing
 m - 2 potions of berserk rage {unknown}
 u - a potion of resistance {unknown}
 v - 5 potions of flight {unknown}
 x - 4 potions of heal wounds {unknown}
 D - a potion of lignification {unknown}
 F - 4 potions of attraction {unknown}
 J - a potion of haste {unknown}
 K - 2 potions of brilliance {unknown}


   Skills:
 + Level 4.3 Fighting
 + Level 7.9 Long Blades
 + Level 2.2 Axes
 + Level 2.6 Throwing
 + Level 3.0 Armour
 + Level 5.2 Dodging
 + Level 3.8 Stealth
 + Level 4.9 Shields
 * Level 5.0 Invocations
 * Level 4.8 Evocations


You had 9 spell levels left.
You didn't know any spells.
Your spell library contained the following spells:

 Spells                   Type           Power      Damage    Failure   Level
 Frozen Ramparts          Ice            0%         1d1       100%        3
 Ignite Poison            Fire/Tmut/Pois 0%         N/A       100%        3
 Ice Form                 Ice/Tmut       0%         N/A       100%        4
 Sticky Flame             Conj/Fire      0%         2d3       100%        4
 Summon Ice Beast         Ice/Summ       0%         N/A       100%        4
 Summon Forest            Summ/Tloc      0%         N/A       100%        5
 Eringya's Noxious Bog    Tmut/Pois      0%         N/A       100%        6
 Summon Hydra             Summ           0%         N/A       100%        7
 Ignition                 Fire           0%         3d3       100%        8


Dungeon Overview and Level Annotations

Branches:
Dungeon (8/15)             Temple (1/1) D:4            Lair (0/5) D:8
Ossuary (visited)

Altars:
Dithmenos
Fedhas
Gozag
Hepliaklqana
Makhleb
Qazlal
Wu Jian
Xom


Innate Abilities, Weirdness & Mutations

You do not regenerate when monsters are visible.
You are frail without blood (-20% HP).
You can heal yourself when you bite living creatures.
You are immune to poison.
You have razor-sharp teeth.
You have supernaturally acute eyesight. (SInv)
You are afflicted with vampirism and can become a bat while bloodless.


Message History

A polar bear comes into view.
A water moccasin comes into view.
A demon appears!
You can no longer hurl Makhleb's greater destruction.
You are engulfed in a cloud of scalding steam.
* * * LOW HITPOINT WARNING * * *
You block the steam dragon's attack. The steam dragon claws you.
* * * LOW HITPOINT WARNING * * *
You swap places.
The steam dragon bites your hellwing.
The steam dragon barely misses your hellwing.
Your hellwing hits the steam dragon.
Your hellwing hits the steam dragon but does no damage.
The steam dragon barely misses your hellwing.
The steam dragon claws your hellwing but does no damage.
Your hellwing misses the steam dragon.
Your hellwing barely misses the steam dragon.
The polar bear attacks as you move away!
You block the polar bear's attack. x2; The polar bear barely misses you.
The steam dragon bites your hellwing but does no damage.
The steam dragon barely misses your hellwing.
Your hellwing completely misses the steam dragon.
Your hellwing misses the steam dragon. You closely miss the polar bear.
Your bite misses the polar bear.
The steam dragon barely misses your hellwing.
The steam dragon claws your hellwing but does no damage.
The polar bear bites you!
* * * LOW HITPOINT WARNING * * *
The polar bear barely misses you. x2
Your hellwing barely misses the steam dragon.
Your hellwing closely misses the steam dragon.
It was a potion of curing.
You feel better.
The steam dragon closely misses your hellwing.
The steam dragon claws your hellwing. You block the polar bear's attack.
The polar bear claws you but does no damage.
The polar bear claws you.
* * * LOW HITPOINT WARNING * * *
Your hellwing hits the steam dragon!
Your hellwing barely misses the steam dragon.
You barely miss the polar bear. The steam dragon bites your hellwing.
The steam dragon claws your hellwing. The polar bear bites you!
You die...

..##....####.### ..
.. ####..##....# #..
.# #..#..##### #..#
<#####.###.##
...###.# ....# ##)#
..#.. ##..## #.#
#..## #...###.##
##..####.#..###.#####
#.4.h@#..##....#..#.#
#D####..####..####.##
#S# ###.# #.####.##
♣P.P†hl# ### #####.##
P....l#... #.##
P..S.P ..... #.#
....h.P ......≈ ###
....... ......≈
>...... ......≈


You could see a polar bear, a steam dragon (very poisoned, ally target) and a
friendly hellwing (summoned).

Vanquished Creatures
  A two-headed ogre (D:7)
  Sigmund (D:4)
  Duvessa (D:6)
  A water moccasin (D:6)
  A sky beast (D:7)
  3 black bears
  A wolf (D:8)
  A centaur (D:6)
  2 ogres
  An elf zombie (Ossuary)
  A kobold brigand (D:7)
  3 scorpions
  4 killer bees (D:7)
  11 wights
  Dowan (D:6)
  A howler monkey (D:5)
  A vampire bat (D:7)
  6 hounds
  A centaur zombie (Ossuary)
  2 orc priests (D:6)
  3 human zombies (Ossuary)
  A jelly (D:5)
  6 iguanas
  4 orc wizards (D:6)
  4 ogre zombies (Ossuary)
  7 mummies (Ossuary)
  4 gnolls (D:5)
  9 adders
  2 ufetubi
  A worm zombie (D:7)
  2 adder zombies (Ossuary)
  3 worms
  15 orcs
  12 bats
  9 endoplasms
  A giant cockroach (D:1)
  12 goblins
  7 hobgoblins
  11 jackals
  10 kobolds
  3 quokkas (D:4)
  6 ball pythons
  3 frilled lizards
  4 goblin zombies (Ossuary)
  6 hobgoblin zombies
  3 kobold zombies
  4 quokka zombies (Ossuary)
  4 rats
  4 rat zombies (Ossuary)
204 creatures vanquished.

Vanquished Creatures (collateral kills)
  A water moccasin (D:8)
  A black bear (D:8)
  A centaur (D:7)
  3 wights (D:7)
  A white imp (D:7)
7 creatures vanquished.

Grand Total: 211 creatures vanquished

Notes
Turn   | Place    | Note
-------+----------+-------------------------------------------
     0 | D:1      | Kazon the Vampire Gladiator began the quest for the Orb.
     0 | D:1      | Reached XP level 1. HP: 16/16 MP: 1/1
    44 | D:1      | Identified a scroll of acquirement
    44 | D:1      | Acquired a +1 demon blade of venom
    82 | D:1      | Reached XP level 2. HP: 15/22 MP: 2/2
   377 | D:1      | Gained mutation: You are afflicted with vampirism and can
                  | become a bat while bloodless. [Vampire growth]
   377 | D:1      | Reached XP level 3. HP: 27/27 MP: 3/3
   980 | D:2      | Reached skill level 4 in Long Blades
  1058 | D:2      | Reached XP level 4. HP: 33/33 MP: 4/4
  1503 | D:3      | Found a blossoming altar of Fedhas.
  1650 | D:3      | Found a stormy altar of Qazlal.
  1752 | D:3      | Found a faded altar of an unknown god.
  1936 | D:3      | Identified the +2 sling "Qeuhanocyt" {speed, rElec Str-3
                  | Dex+2}
  1984 | D:4      | Found a staircase to the Ecumenical Temple.
  1994 | Temple   | Entered the Ecumenical Temple
  2010 | Temple   | Became a worshipper of Makhleb the Destroyer
  2060 | D:4      | Noticed a black bear
  2068 | D:4      | Killed a black bear
  2069 | D:4      | Reached XP level 5. HP: 37/39 MP: 5/5
  2074 | D:4      | Reached skill level 5 in Long Blades
  2079 | D:4      | Found a hazy altar of Hepliaklqana.
  2080 | D:4      | Found a shadowy altar of Dithmenos.
  2080 | D:4      | Noticed a shadow
  2121 | D:4      | Noticed Sigmund
  2125 | D:4      | Killed Sigmund
  2126 | D:4      | Reached skill level 1 in Armour
  2126 | D:4      | Reached skill level 1 in Stealth
  2126 | D:4      | Reached skill level 1 in Shields
  2126 | D:4      | Reached skill level 1 in Invocations
  2126 | D:4      | Reached skill level 1 in Evocations
  2126 | D:4      | Reached XP level 6. HP: 28/46 MP: 7/7
  2361 | D:4      | Reached XP level 7. HP: 52/52 MP: 8/8
  2752 | D:5      | Entered Level 5 of the Dungeon
  2912 | D:5      | Reached * piety under Makhleb
  3128 | D:5      | Reached skill level 6 in Long Blades
  3220 | D:6      | Noticed Dowan
  3222 | D:6      | Noticed Duvessa
  3238 | D:6      | Killed Duvessa
  3239 | D:6      | Reached XP level 8. HP: 10/46 MP: 5/9
  3240 | D:6      | Killed Dowan
  3385 | D:6      | Found a shimmering altar of Xom.
  3634 | D:6      | Reached skill level 7 in Long Blades
  3663 | D:7      | Reached ** piety under Makhleb
  3707 | D:7      | Found a sand-covered staircase.
  3723 | Ossuary  | Entered an ossuary
  3769 | Ossuary  | Reached XP level 9. HP: 37/57 MP: 11/11
  3933 | Ossuary  | Reached *** piety under Makhleb
  3934 | Ossuary  | Reached skill level 1 in Axes
  4373 | D:7      | Noticed a two-headed ogre
  4386 | D:7      | Killed a two-headed ogre
  4387 | D:7      | Reached skill level 5 in Dodging
  4830 | D:7      | Reached **** piety under Makhleb
  4972 | D:8      | Reached XP level 10. HP: 55/57 MP: 13/13
  5113 | D:8      | Reached skill level 5 in Invocations
  5113 | D:8      | Found a staircase to the Lair.
  5130 | D:8      | Slain by a polar bear

Illustrated notes

Levels and vault maps discovered:
D:1:      ebering_trefoil_3fold, layout_basic, st_stairs_14, serial_bayou_ford_a
D:2:      layout_basic, hangedman_decor_growths, minmay_close_crescents
D:3:      layout_rooms, mainiacjoe_overflow_concentric_impassable,
          mainiacjoe_overflow_paths, shapermc_ecumenical_altar_acropolis,
          chequers_serial_rivers_micro_b
D:4:      layout_basic, riverfiend_overflow_shadow_ancestor,
          minmay_temple_entry_glass, uniq_sigmund
D:5:      layout_gridville
D:6:      layout_basic, xom_teletrap_fun, uniq_duvessa
D:7:      layout_loops_ring, enter_ossuary_3, roderic_batcave
D:8:      layout_layer_cave, minmay_lair_entry_grove, serial_shops,
          nicolae_lakefront_shop, serial_ice, serial_ice_o, serial_ice_d,
          serial_ice_k, serial_ice_a
Temple:   nicolae_temple_elliptical

Skill      XL: |  1  2  3  4  5  6  7  8  9 10 |
---------------+-------------------------------+-----
Fighting       | 2 3 4 |  4.3
Long Blades    | 4 5 6 7 |  7.9
Armour         | 1 2 3 |  3.0
Stealth        | 1 2 3 |  3.8
Shields        | 1 3 4 |  4.9
Invocations    | 1 2 3 4 5 |  5.0
Evocations     | 1 2 3 4 |  4.8
Dodging        | 4 5 |  5.2
Throwing       | 2 |  2.6
Axes           | 2 |  2.2

Action                     |  1- 3 |  4- 6 |  7- 9 | 10-12 || total
---------------------------+-------+-------+-------+-------++-------
  Melee: Long sword        |    18 |       |    95 |    25 ||   138
         Demon blade       |    80 |    76 |   165 |     7 ||   328
         Bite              |    10 |     9 |    68 |     3 ||    90
         Hand axe          |       |       |   188 |       ||   188
         Dagger            |       |       |     6 |       ||     6
  Throw: Stone             |       |     3 |    50 |       ||    53
         Dart              |       |       |    11 |       ||    11
         Boomerang         |       |       |     4 |     1 ||     5
 Invoke: Minor Destruction |       |       |     9 |     2 ||    11
         Lesser Servant of |       |       |     2 |     2 ||     4
Ability: Exsanguinate      |       |       |     2 |       ||     2
         Revivify          |       |       |     1 |       ||     1
    Use: Scroll            |     2 |       |       |       ||     2
         Potion            |     1 |       |       |     1 ||     2
   Stab: Sleeping          |       |     2 |    13 |       ||    15
         Distracted        |       |       |     2 |       ||     2
 Armour: Leather armour    |    30 |    16 |    14 |       ||    60
         Scale mail        |       |       |   114 |     9 ||   123
  Dodge: Dodged            |    37 |    11 |   123 |     5 ||   176
  Block: Tower shield      |    29 |    43 |   405 |    41 ||   518
